 Dungeon Crawl Stone Soup version 0.31.0-9-g3a7656b989 (webtiles) character file.

Game seed: 12255861598344998017

33 Gabide the Chiller (level 3, -1/27 HPs)
             Began as a Demigod Ice Elementalist on Jan 29, 2024.
             Slain by a ribbon worm (7 damage)
             ... on level 2 of the Dungeon.
             The game lasted 00:01:42 (971 turns).

Gabide the Chiller (Demigod Ice Elementalist)        Turns: 971, Time: 00:01:43

Health: -1/27      AC:  3    Str:  9    XL:     3   Next: 0%
Magic:  5/8        EV: 12    Int: 21    God:
Gold:   81         SH:  0    Dex: 14    Spells: 5/6 levels left

rFire   . . .        a - +1 short sword (elec)
rCold   . . .        (no shield)
rNeg    . . .        c - +0 robe
rPois   .            (no helmet)
rElec   .            j - +0 cloak
rCorr   .            (no gloves)
SInv    .            (no boots)
Will    .....        (no amulet)
Stlth   ++           (no ring)
HPRegen 0.24/turn    (no ring)
MPRegen 0.11/turn

%: no passive effects
@: invisible
A: high MP 1, forlorn, divine attributes
a: no special abilities


You were on level 2 of the Dungeon.
You visited 1 branch of the dungeon, and saw 2 of its levels.

You collected 81 gold pieces.

Inventory:

Hand Weapons
 a - a +1 short sword of electrocution (weapon)
Armour
 c - a +0 robe (worn)
 j - a +0 cloak (worn)
Potions
 b - a potion of magic
 g - a potion of brilliance {unknown}
 h - a potion of berserk rage {unknown}
 i - a potion of mutation {unknown}


   Skills:
 + Level 0.7 Fighting
 + Level 2.1 Dodging
 + Level 2.1 Stealth
 + Level 2.0 Spellcasting
 * Level 4.0 Ice Magic


You had 5 spell levels left.
You knew the following spells:

 Your Spells              Type           Power      Damage    Failure   Level
a - Freeze                Ice            72%        1d8       2%          1

Your spell library contained the following spells:

 Spells                   Type           Power      Damage    Failure   Level
 Frozen Ramparts          Ice            36%        1d6       9%          3
 Ozocubu's Armour         Ice            18%        N/A       9%          3
 Summon Ice Beast         Ice/Summ       10%        N/A       19%         3


Dungeon Overview and Level Annotations

Branches:
Dungeon (2/15)


Innate Abilities, Weirdness & Mutations

You have an increased reservoir of magic. (+10% MP)
You shall have no god before yourself.
Your divine heritage dramatically boosts your attributes as you level up.


Message History

You feel sick.
You feel sick. The adder bites you but does no damage.
You feel sick.
You feel sick.
You are no longer poisoned.
The adder bites you.
You are poisoned.
The adder poisons you!
You fade into invisibility!
You feel sick. The adder closely misses you.
You hit the adder.
The adder is severely wounded.
You feel sick. The adder misses you.
You hit the adder.
You kill the adder!
You feel sick.
Your Spellcasting skill increases to level 2!
Your Ice Magic skill increases to level 4!
You have reached level 3!
Your experience leads to a dramatic increase in your attributes!
Increase (S)trength, (I)ntelligence, or (D)exterity?
You feel clever. x4
You barely miss the ribbon worm.
You feel sick. The ribbon worm barely misses you.
You catch the helpless ribbon worm completely off-guard!
You hit the ribbon worm.
The ribbon worm is moderately wounded.
You feel sick.
You are no longer poisoned.
The ribbon worm expels a string of sticky webbing.
The stream of webbing hits you but does no damage.
You are caught in a web!
The web tears apart.
You hit the ribbon worm.
The ribbon worm is heavily wounded.
The ribbon worm closely misses you.
You hit the ribbon worm.
The ribbon worm is heavily wounded.
The ribbon worm bites you!
You die...

### #.. #.# #.# ######## #.#
#########
#......#####.####.......#######
+......+........'....[..>......
#......#####.####.........#....
#......#####.w@.#.........#.##.
#............##.#.........#.##.
##.##........##.#.........#.##.
# #........##.#.........#.###
#........##.#..............
#........##.#.........#.###
#........##....###....#+#..
#.........................#
#..........................


You could see a ribbon worm (unable to see you).

Vanquished Creatures
  An adder (D:2)
  7 ball pythons
  A bat (D:2)
  2 endoplasms (D:1)
  A goblin (D:1)
  2 hobgoblins
  2 kobolds (D:1)
  3 quokkas
  A frilled lizard (D:1)
  2 rats
22 creatures vanquished.

Notes
Turn   | Place    | Note
-------+----------+-------------------------------------------
     0 | D:1      | Gabide the Demigod Ice Elementalist began the quest for the
                  | Orb.
     0 | D:1      | Reached XP level 1. HP: 14/14 MP: 5/5
   180 | D:1      | Reached XP level 2. HP: 11/22 MP: 0/7
   967 | D:2      | Reached skill level 4 in Ice Magic
   967 | D:2      | Reached XP level 3. HP: 6/27 MP: 4/8
   971 | D:2      | Slain by a ribbon worm

Illustrated notes

Levels and vault maps discovered:
D:1:      minmay_arrival_hallway, layout_rooms
D:2:      layout_basic, basic_altar, minmay_distorted, uniq_sigmund

Skill      XL: |  1  2 |
---------------+-------+-----
Stealth        | 2 |  2.1
Dodging        | 2 |  2.1
Spellcasting   | 2 |  2.0
Ice Magic      | 4 |  4.0
Fighting       | |  0.7

Action                     || total
---------------------------++-------
  Melee: Unarmed           ||     6
         Short sword       ||     8
   Cast: Freeze            ||    36
    Use: Scroll            ||     2
         Potion            ||     1
   Stab: Invisible         ||     1
 Armour: Robe              ||    27
  Dodge: Dodged            ||    35
